 Dungeon Crawl Stone Soup version 0.22-a0-352-gc608dd7 (webtiles) character file.

2081424 iamserjio the Conqueror (level 27, 291/291 HPs)
             Began as an Octopode Fighter on Apr 13, 2018.
             Was an Initiate of Gozag.
             Escaped with the Orb
             ... and 4 runes on Apr 14, 2018!
             The game lasted 11:07:19 (92752 turns).

iamserjio the Conqueror (Octopode Fighter)         Turns: 92752, Time: 11:07:20

Health: 291/291    AC: 38    Str: 29    XL:     27
Magic:  32/32      EV: 33    Int: 25    God:    Gozag
Gold:   9828       SH: 31    Dex: 19    Spells: 19/44 levels left

rFire    + + +     SeeInvis +   a - +9 demon whip (elec)
rCold    + + +     Gourm    .   T - +5 large shield
rNeg     + + +     Faith    .   l - +2 hat
rPois    ∞         Spirit   .   E - amulet "Ebeqim" {rPois Regen+ Str+4 Int+2}
rElec    +         Reflect  .   Q - ring of Robustness {AC+8}
rCorr    .         Harm     .   L - ring of protection from cold
MR       +++++     Rnd*Rage +   S - ring of Xedegab {rC+ Int+2 Dex+4 SInv}
Stlth    +++.......             d - ring of Deamme {rN+ MR+ Str+4 Int+9}
HPRegen  0.98/turn              x - ring of Loruine {rElec rPois rC+ rN+}
MPRegen  0.23/turn              C - ring of protection from magic
                                H - ring of protection from fire
                                F - ring "Sytodd" {Wiz rF++ MR+}

@: mildly poisoned (291 -> 291), statue-form, gold aura, very slow
A: almost no armour, stealthy swim, amphibious, 8 rings, constrict 8, camouflage
1, berserk 1, clumsy 1, low mp 1
0: Orb of Zot
}: 4/15 runes: barnacled, slimy, silver, gossamer
a: End Transformation, Potion Petition, Call Merchant, Bribe Branch, Renounce
Religion


You escaped.
You worshipped Gozag.
Gozag was greatly pleased with you.
You were not hungry.
You were a stone statue.
You visited 14 branches of the dungeon, and saw 60 of its levels.
You visited the Abyss 5 times.
You visited 1 ziggurat, and saw 8 of its levels.
You also visited: Sewer.

You collected 37509 gold pieces.
You spent 6720 gold pieces at shops.
You paid 20961 gold pieces to Gozag.

Inventory:

Hand Weapons
 a - a +9 demon whip of electrocution (weapon)
 q - the +7 broad axe of Siklit {drain, *Contam rC- MR+ Int+10}
   (You found it on level 5 of the Pits of Slime)

   A truly terrible weapon, it drains the life of those it strikes.
   It affects your intelligence (+10).
   It makes you vulnerable to cold.
   It affects your resistance to hostile enchantments.
   It causes magical contamination when unequipped.
Missiles
 D - 1440 stones (quivered)
Armour
 l - a +2 hat (worn)
 T - a +5 large shield (worn)
Jewellery
 d - the ring of Deamme (on tentacle) {rN+ MR+ Str+4 Int+9}
   (You found it on level 3 of the Crypt)

   [ring of positive energy]

   It affects your strength (+4).
   It affects your intelligence (+9).
   It protects you from negative energy.
   It affects your resistance to hostile enchantments.
 x - the ring of Loruine (on tentacle) {rElec rPois rC+ rN+}
   (You acquired it on level 4 of the Lair of Beasts)

   [ring of positive energy]

   It protects you from cold.
   It insulates you from electricity.
   It protects you from poison.
   It protects you from negative energy.
 A - an uncursed ring of see invisible
 C - a ring of protection from magic (on tentacle)
 E - the amulet "Ebeqim" (around mantle) {rPois Regen+ Str+4 Int+2}
   (You found it on level 3 of the Crypt)

   [amulet of regeneration]

   It affects your strength (+4).
   It affects your intelligence (+2).
   It protects you from poison.
   It increases your rate of regeneration.
 F - the ring "Sytodd" (on tentacle) {Wiz rF++ MR+}
   (You took it off a deep elf blademaster on level 3 of the Elven Halls)

   [ring of wizardry]

   It improves your spell success rate.
   It greatly protects you from fire.
   It affects your resistance to hostile enchantments.
 H - a ring of protection from fire (on tentacle)
 L - a ring of protection from cold (right tentacle)
 Q - the ring of Robustness (left tentacle) {AC+8}
   (You found it on level 2 of the Vaults)

   [ring of protection]

   It affects your AC (+8).
 S - the ring of Xedegab (on tentacle) {rC+ Int+2 Dex+4 SInv}
   (You took it off a spriggan berserker on level 2 of the Depths)

   [ring of see invisible]

   It affects your intelligence (+2).
   It affects your dexterity (+4).
   It protects you from cold.
   It lets you see invisible.
 U - an uncursed ring of resist corrosion
 W - a +5 ring of protection
 X - a +5 ring of strength
 Z - the ring of Qazlal's Supremacy {+Fly rPois Int+3, unknown}
   (You found it on level 8 of a ziggurat)

   [ring of flight]

   It affects your intelligence (+3).
   It protects you from poison.
   It lets you fly.
Wands
 n - a wand of acid (44)
 s - a wand of disintegration (7)
 y - a wand of enslavement (13)
 B - a wand of clouds (14)
 J - a wand of digging (77)
Scrolls
 i - 2 scrolls of holy word
 m - a scroll of torment
 p - 20 scrolls of remove curse
 r - 2 scrolls of summoning
 v - 19 scrolls of teleportation
 z - 5 scrolls of immolation
 G - 5 scrolls of fear
 I - 4 scrolls of silence
 K - 2 scrolls of blinking
 O - a scroll of identify
 P - 4 scrolls of fog
 V - 3 scrolls of magic mapping
Potions
 c - a potion of flight
 e - a potion of heal wounds
 f - a potion of brilliance
 g - 8 potions of might
 h - 3 potions of magic
 j - 5 potions of cancellation
 o - 13 potions of agility
 t - 13 potions of lignification
 u - 15 potions of curing
 M - 2 potions of resistance
 Y - a potion of invisibility
Miscellaneous
 b - a phial of floods
 k - a fan of gales
 w - 4 boxes of beasts
 R - 9 sacks of spiders
Comestibles
 N - 34 rations


   Skills:
 O Level 27 Fighting
   Level 8.2 Short Blades
 - Level 14.0 Maces & Flails
 + Level 24.6 Dodging
 - Level 14.0 Stealth
 + Level 23.8 Shields
 - Level 9.0 Spellcasting
 - Level 13.4 Transmutations
 - Level 13.7 Earth Magic
 - Level 12.0 Evocations


You had 19 spell levels left.
You knew the following spells:

 Your Spells              Type           Power        Failure   Level  Hunger
a - Blink                 Tloc           N/A          4%          2    None
b - Statue Form           Tmut/Erth      ######...    1%          6    ######.
c - Summon Small Mammal   Summ           ##..         2%          1    None
d - Regeneration          Chrm/Necr      ##........   8%          3    None
e - Apportation           Tloc           ##....       2%          1    None
f - Swiftness             Chrm/Air       ##......     4%          2    None
g - Mephitic Cloud        Conj/Pois/Air  ##......     8%          3    None
h - Animate Skeleton      Necr           N/A          2%          1    None
i - Vampiric Draining     Necr           ##........   8%          3    None
j - Teleport Other        Tloc           ##......     8%          3    None


Dungeon Overview and Level Annotations

Branches:
Dungeon (15/15)            Temple (1/1) D:5            Lair (6/6) D:9
 Shoals (4/4) Lair:4       Spider (4/4) Lair:3        Slime (5/5) Lair:5
    Orc (2/2) D:12            Elf (3/3) Orc:2        Vaults (5/5) D:13
  Crypt (3/3) Vaults:3       Tomb (1/3) Crypt:3      Depths (5/5) D:15
   Hell (1/1)                 Zot (5/5) Depths:5
    Dis: Hell:1         Geh: Hell:1         Coc: Hell:1         Tar: Hell:1

Altars:
Cheibriados
Dithmenos
Elyvilon
Fedhas
Gozag
Hepliaklqana
Kikubaaqudgha
Makhleb
Okawaru
Qazlal
Ru
Sif Muna
Trog
Uskayaw
Vehumet
Wu Jian
Xom
Zin
The Shining One
Jiyva
Lugonu

Shops:
D:6 *   D:11 :(   Orc:1 [   Orc:2 :*%[(   Elf:1 =   Shoals:3 !   Shoals:4 ?
Slime:5 *   Vaults:3 ?   Depths:2 *   Depths:5 ?*

Portals:
Hell: Depths:1 Depths:2 Depths:3 Depths:4 Depths:5
Abyss: Depths:2 Depths:4 Depths:5
Pandemonium: Depths:3 Depths:4

Annotations:
Lair:3 exclusion: 4 oklob plants
Hell Geryon


Innate Abilities, Weirdness & Mutations

You cannot wear most types of armour.
You are very stealthy in the water. (Stealth+)
You are amphibious.
You can wear up to eight rings at the same time.
You can use your tentacles to constrict eight enemies at once.
Your skin changes colour to match your surroundings (Stealth+).
((Your rubbery body absorbs attacks. (AC +1, EV +1)))
((You are partially covered in iridescent scales. (AC +2)))
((You are partially covered in yellow scales. (AC +2)))
You tend to lose your temper in combat.
You are clumsy. (Dex -2)
Your magical capacity is low. (-10% MP)


Message History

You block the red devil's attack.
An efreet comes into view. It is wielding a scimitar of flaming.
You whack the red devil!
Lightning courses through the red devil!
You grab the red devil.
You kill the red devil!
Things that are here:
6 gold pieces; a trident A demonic crawler and a torturous demonspawn come into view.
The torturous demonspawn is wielding a morningstar of draining.
A monstrous demonspawn comes into view.
There is an open door here.
You see here 15 gold pieces.
You close the door, pushing everything out of the way.
An efreet opens the door.
The efreet gestures at you. The bolt of fire misses you.
There is a staircase leading out of the dungeon here.
You block the efreet's attack.
You have escaped!

##..........## #............##
..............#
..............###########
....)...................#
..............).........#
..............##'##.....#
#............##...##....#
##...........#..8..#....######
##...##.#.§.##.R.##.........#
###...##.#..§.##§##....#.....#
#....###.66..§§..$.....#.....#
#...## ##...s.....$....#.....#
....# #.############.......#
...## #.# ###.....# ...# #.##
#.....# ...######..# #.....#


You could see an efreet.

Vanquished Creatures
  the Royal Jelly (Slime:5)
  Khufu (Crypt:3)
  4 orbs of fire
  9 ancient liches
  3 greater mummies
  Margery (Depths:3)
  Frederick (Vaults:3)
  5 curse toes
  7 Killer Klowns (Zot:5)
  7 caustic shrikes
  7 golden dragons
  Nikola (Depths:1)
  A profane servitor (D:4)
  A bone dragon (Crypt:3)
  A Tzitzimitl (Zot:5)
  5 electric golems
  7 liches
  12 tentacled monstrosities
  The ghost of zhorgal the Brawler, an adept TrHu of Okawaru (Vaults:1)
  29 Orb Guardians
  6 quicksilver dragons
  3 deep elf blademasters
  7 titans
  2 krakens (Shoals:4)
  33 acid blobs
  11 sphinxes
  Gastronok (Lair:1)
  18 storm dragons
  7 death cobs
  2 ancient champions (Zig:3)
  10 tengu reavers
  8 fire giants
  A fire giant (shapeshifter) (Vaults:5)
  6 draconian monks
  15 shadow dragons
  Ilsuiw (Shoals:4)
  3 revenants
  18 azure jellies
  17 frost giants
  6 deep elf sorcerers
  6 ghost moths
  3 orc warlords
  Aizul (Depths:1)
  5 ghouls
  5 draconian scorchers
  15 vault wardens
  4 draconian shifters
  8 emperor scorpions
  6 draconian knights
  2 balrugs
  2 curse skulls
  3 deep elf elementalists
  A juggernaut zombie (Depths:2)
  2 iron dragons
  5 draconian stormcallers
  A spriggan defender (Depths:4)
  11 ironheart preservers
  14 very ugly things
  8 draconian annihilators
  A juggernaut skeleton (Zig:8)
  3 vampire knights
  3 war gargoyles (Crypt:3)
  4 reapers
  21 stone giants
  3 entropy weavers
  14 green draconians
  9 deep elf annihilators
  8 black draconians
  8 purple draconians
  9 red draconians
  10 deep elf demonologists
  10 yellow draconians
  7 spark wasps
  An eidolon (Crypt:1)
  12 white draconians
  16 ettins
  5 merfolk javelineers
  11 deep elf death magi
  2 crystal guardians (Vaults:4)
  2 green deaths
  7 merfolk impalers
  11 great orbs of eyes
  Snorg (D:10)
  18 yaktaur captains
  6 deep elf high priests
  20 death oozes
  The ghost of p0werm0de the Spawn of Chaos, a journeyman DDFi of Makhleb (Orc:2)
  12 jiangshi
  10 fire dragons
  11 mummy priests (Tomb:1)
  An ice dragon (shapeshifter) (Depths:1)
  3 quicksilver dragon skeletons
  2 spriggan air magi
  3 hydras
  16 ice dragons
  6 centaur warriors
  3 alligator snapping turtles
  43 vault guards
  2 catoblepae
  3 merfolk aquamancers
  3 satyrs
  52 two-headed ogres
  14 death yaks
  6 death knights
  12 ogre magi
  8 tengu warriors
  4 merfolk avatars
  5 deep troll earth magi
  4 deep troll shamans
  A hell hog (Zig:8)
  23 death scarabs (Tomb:1)
  4 orc high priests (Orc:2)
  9 vampire magi
  A sun demon (D:8)
  9 spriggan berserkers
  A titan skeleton (Crypt:3)
  21 deep elf knights
  A salamander mystic (Depths:2)
  31 hell knights
  27 skeletal warriors
  A wretched star (Abyss:2)
  2 sixfirhies
  A fire crab (shapeshifter) (Depths:4)
  2 shadow wraiths
  13 sea snakes
  A death drake (shapeshifter) (Vaults:4)
  20 deep trolls
  A death drake (Zig:6)
  An unseen horror (Vaults:1)
  11 flayed ghosts
  A lindwurm (Lair:6)
  4 phantasmal warriors
  23 orc knights
  2 shambling mangroves (Zig:6)
  16 harpies
  A swamp dragon (Zig:6)
  3 wizards
  2 glowing orange brains
  19 ironbrand convokers
  11 deep elf archers
  15 orb spiders
  A harpy (shapeshifter) (Vaults:4)
  4 salamanders
  12 necromancers
  An orb spider (shapeshifter) (Vaults:2)
  5 shining eyes
  51 deep elf magi
  2 stone giant zombies
  4 frost giant zombies
  10 fauns
  16 elephants
  15 manticores
  23 wolf spiders
  23 cyclopes
  31 ugly things
  6 orc sorcerers
  19 moths of wrath
  12 vault sentinels
  8 large abominations
  An orc zombie (Vaults:1)
  13 merfolk sirens
  9 fire giant skeletons
  An apocalypse crab (Abyss:2)
  A guardian serpent (shapeshifter) (D:15)
  5 centaur zombies
  An orange demon (Depths:4)
  3 black mambas
  3 torpor snails
  4 smoke demons
  14 spiny frogs
  6 gargoyles
  7 eyes of devastation
  A dire elephant zombie (Crypt:3)
  3 hellions
  13 komodo dragons
  5 rime drakes
  58 yaktaurs
  6 tengu conjurers
  16 freezing wraiths
  2 human zombies (Vaults:3)
  2 yaktaur zombies
  16 demonic crawlers
  A yaktaur skeleton (Vaults:3)
  A tormentor (Abyss:2)
  A hellwing (Depths:1)
  12 guardian mummies
  A yaktaur (shapeshifter) (D:15)
  2 ancient zymes (Abyss:2)
  A pale draconian skeleton (Crypt:1)
  4 harpy zombies (Shoals:1)
  5 red devils
  22 merfolk
  9 ice devils
  A queen bee (shapeshifter) (Vaults:4)
  2 queen bees
  2 polar bears (Lair:6)
  A death drake zombie (Crypt:1)
  10 trolls
  A tyrant leech (shapeshifter) (Depths:2)
  A hornet (shapeshifter) (Abyss:4)
  127 slime creatures
  29 jumping spiders
  A wind drake (shapeshifter) (Vaults:2)
  2 polar bears (shapeshifter) (Vaults:2)
  A raiju (shapeshifter) (Vaults:3)
  Prince Ribbit (D:5)
  6 dream sheep (Lair:3)
  4 wind drakes
  25 hornets
  A spriggan zombie (Zig:5)
  2 raiju
  11 snapping turtles
  2 harpy skeletons
  13 hippogriffs
  4 blink frogs
  A hippogriff (shapeshifter) (Vaults:3)
  A fire giant simulacrum (Vaults:3)
  A bog body (Crypt:1)
  2 ettin zombies
  2 flying skulls (Zig:8)
  An ettin skeleton (Crypt:3)
  Sigmund (D:3)
  An air elemental (Elf:1)
  10 fire dragon skeletons
  A spriggan (shapeshifter) (Vaults:3)
  2 spriggan skeletons
  22 tarantellas
  A tarantella (shapeshifter) (Vaults:4)
  16 wraiths
  40 redbacks
  A hog (shapeshifter) (Vaults:1)
  34 water elementals
  4 shadows
  6 spriggans
  3 ynoxinuls (Abyss:2)
  A black mamba skeleton (Crypt:3)
  61 yaks
  2 human simulacra
  5 wyverns
  3 golden eyes
  A golden eye (shapeshifter) (Depths:2)
  A fire elemental (Elf:1)
  3 basilisks
  4 chaos spawn
  9 hungry ghosts
  8 ushabtiu
  16 vampire mosquitoes
  4 neqoxecs
  7 small abominations
  2 steam dragons
  A tyrant leech zombie (Crypt:2)
  3 insubstantial wisps
  2 swamp worms (shapeshifter)
  An acid dragon (Vaults:1)
  2 wargs (D:12)
  2 water moccasins (shapeshifter)
  5 hell hounds (D:12)
  11 water moccasins
  A merfolk zombie (Crypt:3)
  2 soldier ants
  8 porcupines
  A spiny frog zombie (Crypt:2)
  2 floating eyes (shapeshifter)
  38 orc warriors
  7 necrophages
  3 ice beasts
  A swamp drake (Zig:6)
  4 phantoms
  5 sky beasts
  A black bear (D:10)
  9 eyes of draining
  8 wolves
  11 boggarts
  47 ogres
  A snapping turtle skeleton (Crypt:3)
  21 centaurs
  A human skeleton (Vaults:3)
  A rime drake zombie (Crypt:1)
  16 crocodiles
  A hog skeleton (Crypt:1)
  A hippogriff zombie (Shoals:1)
  3 big kobolds
  14 bullfrogs
  7 earth elementals
  A cyclops zombie (Crypt:2)
  A water moccasin skeleton (D:4)
  4 scorpions
  62 killer bees
  16 wights
  5 howler monkeys
  An electric eel (Lair:1)
  An elf simulacrum (Vaults:3)
  A troll skeleton (Crypt:3)
  6 crimson imps
  3 bullfrog zombies
  6 quasits
  11 hounds
  A jelly (D:7)
  A yaktaur simulacrum (Vaults:1)
  31 orc priests
  A demonspawn skeleton (Crypt:1)
  4 iguanas
  4 bullfrog skeletons
  2 centaur skeletons
  5 iron imps
  A basilisk skeleton (Crypt:1)
  37 orc wizards
  6 worker ants
  A crocodile zombie (Crypt:2)
  A sky beast zombie (Crypt:2)
  An ogre skeleton (Crypt:2)
  A hound zombie (D:9)
  2 hound skeletons
  23 mummies
  A howler monkey zombie (D:10)
  A worker ant zombie (D:11)
  8 gnolls
  21 adders
  4 river rats
  5 shadow imps
  5 white imps (Zig:7)
  An ufetubus (Abyss:2)
  An ooze (Sewer)
  An adder zombie (D:10)
  2 adder skeletons
  3 worms
  5 dart slugs
  7 leopard geckos
  97 orcs
  6 giant cockroaches
  10 goblins
  8 hobgoblins
  7 jackals
  10 quokkas
  7 ball pythons
  11 bats
  5 frilled lizards
  A jackal zombie (Crypt:2)
  22 kobolds
  A leopard gecko zombie (Crypt:2)
  11 rats
  A fungus (Lair:5)
  A lurking horror (Abyss:4)
2865 creatures vanquished.

Vanquished Creatures (collateral kills)
  A draconian scorcher (Zot:3)
  2 draconian shifters
  A draconian annihilator (Zot:3)
  2 white draconians
  A deep elf knight (Elf:1)
  An orb spider (Spider:3)
  2 deep elf magi (Elf:1)
  A moth of wrath (Zot:3)
  A tentacle (Shoals:4)
12 creatures vanquished.

Vanquished Creatures (others)
  A curse toe (Zot:4)
  A tentacled monstrosity (Zot:3)
  2 Orb Guardians (Depths:1)
  Polyphemus (Shoals:3)
  A draconian monk (Zot:3)
  A draconian knight (Zot:2)
  A draconian stormcaller (Zot:3)
  A stone giant (Vaults:3)
  A green draconian (Zot:3)
  A draconian annihilator (Zot:3)
  A black draconian (Zot:3)
  A purple draconian (Zot:2)
  A white draconian (Zot:4)
  An ice dragon (Depths:1)
  A satyr (Shoals:3)
  27 dancing weapons
  An ogre mage (Vaults:3)
  2 orb spiders (Spider:4)
  A moth of wrath (Zot:5)
  2 yaktaurs (Vaults:1)
  An ice devil (Depths:1)
  A redback (Spider:3)
  2 tarantellas (Spider:3)
  A golden eye (Zot:2)
  3 centaurs
  An ogre skeleton (Hell)
  An orc (Vaults:3)
  13 fungi
  A lurking horror (Abyss:2)
  16 plants
  6 starspawn tentacles (Abyss:2)
  30 tentacles (Shoals:4)
125 creatures vanquished.

Grand Total: 3002 creatures vanquished

Notes
Turn   | Place    | Note
-------+----------+-------------------------------------------
     0 | D:1      | iamserjio the Octopode Fighter began the quest for the Orb.
     0 | D:1      | Reached XP level 1. HP: 16/16 MP: 1/1
    84 | D:1      | Reached skill level 1 in Stealth
    89 | D:1      | Reached XP level 2. HP: 19/21 MP: 2/2
   542 | D:2      | Reached XP level 3. HP: 25/26 MP: 3/3
   834 | D:2      | Found a glowing silver altar of Zin.
   916 | D:2      | Reached XP level 4. HP: 30/31 MP: 4/4
  1163 | D:3      | Found a stormy altar of Qazlal.
  1345 | D:3      | Noticed Sigmund
  1379 | D:4      | Reached XP level 5. HP: 28/37 MP: 5/5
  1512 | D:4      | Reached XP level 6. HP: 43/43 MP: 6/6
  1541 | D:4      | Reached skill level 5 in Stealth
  1570 | D:4      | Reached skill level 4 in Fighting
  1717 | D:4      | Reached skill level 5 in Dodging
  2057 | D:4      | Reached XP level 7. HP: 24/48 MP: 7/7
  3056 | D:3      | Killed Sigmund
  3208 | D:5      | Entered Level 5 of the Dungeon
  3212 | D:5      | Found a staircase to the Ecumenical Temple.
  3221 | Temple   | Entered the Ecumenical Temple
  3276 | Temple   | Became a worshipper of Gozag Ym Sagoz the Greedy
  3315 | D:5      | Found a glowing drain.
  3497 | Sewer    | Entered a sewer
  3754 | Sewer    | Reached skill level 5 in Fighting
  3754 | Sewer    | Reached XP level 8. HP: 12/55 MP: 8/8
  4268 | D:5      | Noticed Prince Ribbit
  4279 | D:5      | Killed Prince Ribbit
  5121 | D:5      | Reached skill level 6 in Fighting
  5306 | D:6      | Reached XP level 9. HP: 27/62 MP: 9/9
  6170 | D:6      | Noticed a troll
  6252 | D:6      | Found Woxitoq's Assorted Antiques.
  6260 | D:6      | Bought an emerald ring for 145 gold pieces
  6883 | D:7      | Reached skill level 7 in Fighting
  7154 | D:7      | Reached skill level 5 in Short Blades
  8042 | D:9      | Reached skill level 1 in Evocations
  8170 | D:9      | Reached XP level 10. HP: 71/71 MP: 9/11
  8202 | D:9      | Reached skill level 10 in Dodging
  8225 | D:10     | Entered Level 10 of the Dungeon
  8995 | D:9      | Noticed a death yak
  8996 | D:9      | Noticed a death yak
  9079 | D:9      | Found a bloodstained altar of Trog.
  9125 | D:9      | Noticed a death yak
  9175 | D:9      | Noticed a death yak
  9625 | D:10     | Noticed a skeletal warrior
  9917 | D:10     | Noticed Snorg
  9996 | D:10     | Reached skill level 8 in Fighting
 10755 | D:9      | Noticed a two-headed ogre
 10788 | D:9      | Killed a two-headed ogre
 10788 | D:9      | Reached skill level 5 in Shields
 10788 | D:9      | Reached XP level 11. HP: 78/78 MP: 14/14
 11109 | D:10     | Noticed a two-headed ogre
 11174 | D:10     | Killed a two-headed ogre
 11183 | D:11     | Noticed a cyclops
 11374 | D:10     | Killed Snorg
 11663 | D:12     | Reached skill level 9 in Fighting
 12611 | D:12     | Found a staircase to the Orcish Mines.
 13125 | D:11     | Noticed a cyclops
 13182 | D:11     | Killed a cyclops
 13897 | D:11     | Bought a glowing demon whip for 450 gold pieces
 13900 | D:11     | Bought a ration for 50 gold pieces
 13900 | D:11     | Bought a ration for 50 gold pieces
 13900 | D:11     | Bought a ration for 50 gold pieces
 13900 | D:11     | Bought a ration for 50 gold pieces
 13900 | D:11     | Bought a ration for 50 gold pieces
 13900 | D:11     | Bought a ration for 50 gold pieces
 13900 | D:11     | Bought a ration for 50 gold pieces
 14016 | D:11     | Noticed an orc knight
 14017 | D:11     | Noticed a cyclops
 14021 | D:11     | Noticed a cyclops
 14041 | D:11     | Reached skill level 1 in Maces & Flails
 14041 | D:11     | Reached XP level 12. HP: 82/87 MP: 15/15
 14187 | D:9      | Killed a death yak
 14200 | D:9      | Noticed a death yak
 14209 | D:9      | Killed a death yak
 14213 | D:9      | Killed a death yak
 14213 | D:9      | Reached skill level 10 in Fighting
 14219 | D:9      | Killed a death yak
 14224 | D:9      | Killed a death yak
 14224 | D:9      | Reached skill level 5 in Maces & Flails
 14451 | D:9      | Found a staircase to the Lair.
 14576 | Lair:1   | Entered Level 1 of the Lair of Beasts
 14665 | Lair:1   | Noticed Gastronok
 14930 | Lair:1   | Killed Gastronok
 16096 | Lair:3   | Reached skill level 11 in Fighting
 16312 | Lair:3   | Reached XP level 13. HP: 95/95 MP: 16/16
 17217 | Lair:3   | Reached skill level 10 in Maces & Flails
 17973 | Lair:3   | Reached skill level 12 in Fighting
 18963 | Lair:3   | Found a hole to the Spider Nest.
 18986 | Spider:1 | Entered Level 1 of the Spider Nest
 18986 | Spider:1 | Noticed an entropy weaver
 19348 | Lair:4   | Reached XP level 14. HP: 103/104 MP: 17/17
 19808 | Lair:4   | Found a staircase to the Shoals.
 20308 | Lair:4   | Identified a scroll of acquirement
 20310 | Lair:4   | Got a steaming granite ring
 20311 | Lair:4   | Identified the ring of Loruine {rElec rPois rC+ rN+} (You acquired it on level 4 of the Lair of Beasts)
 20522 | Lair:5   | Found a staircase to the Slime Pits.
 20523 | Lair:5   | Found a viscous altar of Jiyva.
 21422 | Lair:6   | Entered Level 6 of the Lair of Beasts
 22005 | Lair:5   | Reached skill level 13 in Fighting
 22796 | D:11     | Found a runed door.
 23830 | D:12     | Learned a level 2 spell: Blink
 24559 | Orc:1    | Entered Level 1 of the Orcish Mines
 24881 | Orc:2    | Entered Level 2 of the Orcish Mines
 25254 | Orc:1    | Found Lagysk's Armour Emporium.
 26515 | Orc:2    | Paralysed by an orc sorcerer for 5 turns
 27568 | Orc:2    | Noticed an orc warlord
 27574 | Orc:2    | Noticed p0werm0de's ghost (journeyman DDFi)
 27632 | Orc:2    | Killed an orc warlord
 27709 | Orc:2    | Killed p0werm0de's ghost
 27753 | Orc:2    | Found a staircase to the Elven Halls.
 27812 | Orc:2    | Reached XP level 15. HP: 97/112 MP: 18/18
 27974 | Orc:2    | Found Gaes's General Store.
 27975 | Orc:2    | Found Zoaxtu's Book Shop.
 27977 | Orc:2    | Found Naesiur's Antique Armour Boutique.
 27977 | Orc:2    | Found Kewamm's Antique Weapon Boutique.
 28182 | Orc:2    | Bought a ration for 55 gold pieces
 28182 | Orc:2    | Bought a ration for 55 gold pieces
 29040 | D:13     | Reached skill level 14 in Fighting
 29293 | D:13     | Found a gate to the Vaults.
 30939 | D:14     | Found a burning altar of Makhleb.
 31058 | D:15     | Entered Level 15 of the Dungeon
 31337 | D:14     | Noticed an angel
 31338 | D:14     | Found a glowing silver altar of Zin.
 31729 | D:15     | Found a shimmering altar of Xom.
 31729 | D:15     | Found a shimmering altar of Xom.
 31730 | D:15     | Found a shimmering altar of Xom.
 31731 | D:15     | Found a shimmering altar of Xom.
 31731 | D:15     | Found a shimmering altar of Xom.
 31732 | D:15     | Found a shimmering altar of Xom.
 31732 | D:15     | Found a shimmering altar of Xom.
 31733 | D:15     | Found a shimmering altar of Xom.
 31733 | D:15     | Found a shimmering altar of Xom.
 32187 | D:15     | Found a staircase to the Depths.
 32187 | D:15     | Noticed a frost giant
 32418 | D:15     | Reached skill level 10 in Shields
 32892 | Shoals:1 | Entered Level 1 of the Shoals
 34140 | Shoals:1 | Reached skill level 15 in Fighting
 34734 | Shoals:2 | Reached XP level 16. HP: 62/122 MP: 19/19
 35463 | Orc:2    | Bought a scroll of magic mapping for 42 gold pieces
 35463 | Orc:2    | Bought a scroll of summoning for 114 gold pieces
 36162 | Elf:1    | Entered Level 1 of the Elven Halls
 36344 | Elf:1    | Reached skill level 5 in Evocations
 37299 | Elf:1    | Found an ancient bone altar of Kikubaaqudgha.
 37306 | Elf:1    | Found Uclabed's Jewellery Shop.
 37426 | Elf:1    | Bought a +4 ring of protection for 684 gold pieces
 37426 | Elf:1    | Bought an uncursed ring of stealth for 332 gold pieces
 37867 | Spider:1 | Reached skill level 10 in Stealth
 39200 | Spider:2 | You fall through a shaft!
 39493 | Spider:2 | Reached skill level 16 in Fighting
 39558 | Spider:2 | You fall through a shaft!
 40382 | Spider:2 | Reached XP level 17. HP: 128/129 MP: 20/20
 41032 | Spider:4 | Entered Level 4 of the Spider Nest
 43450 | Spider:4 | Got a gossamer rune of Zot
 43768 | Lair:5   | Reached skill level 17 in Fighting
 43928 | Lair:6   | Reached skill level 15 in Dodging
 45248 | Shoals:2 | Reached XP level 18. HP: 139/139 MP: 21/21
 45633 | Shoals:3 | Noticed Polyphemus
 46173 | Shoals:3 | Killed Polyphemus
 46618 | Shoals:3 | Found Qetap's Distillery.
 46659 | Shoals:3 | Bought a potion of curing for 33 gold pieces
 46659 | Shoals:3 | Bought a potion of might for 44 gold pieces
 46659 | Shoals:3 | Bought a potion of heal wounds for 55 gold pieces
 46705 | Shoals:4 | Entered Level 4 of the Shoals
 47084 | Shoals:4 | Noticed Ilsuiw
 47143 | Shoals:4 | Killed Ilsuiw
 47392 | Shoals:4 | Found Founnink's Magic Scroll Shoppe.
 47534 | Shoals:4 | Bought a scroll of identify for 36 gold pieces
 47534 | Shoals:4 | Bought a scroll of identify for 36 gold pieces
 47536 | Shoals:4 | Bought a scroll of identify for 36 gold pieces
 47642 | Shoals:4 | Got a shimmering glaive
 47836 | Shoals:4 | Reached skill level 1 in Spellcasting
 47988 | Shoals:4 | Reached skill level 18 in Fighting
 48132 | Shoals:4 | Got a barnacled rune of Zot
 48677 | Shoals:3 | Bought a potion of agility for 44 gold pieces
 48677 | Shoals:3 | Bought a potion of agility for 44 gold pieces
 48677 | Shoals:3 | Bought a potion of might for 44 gold pieces
 49575 | D:11     | Bought a book of Transfigurations for 825 gold pieces
 49582 | D:11     | Learned a level 6 spell: Statue Form
 49584 | D:11     | Bought a ration for 50 gold pieces
 49584 | D:11     | Bought a ration for 50 gold pieces
 49584 | D:11     | Bought a ration for 50 gold pieces
 49584 | D:11     | Bought a ration for 50 gold pieces
 49584 | D:11     | Bought a ration for 50 gold pieces
 49758 | Elf:1    | Cast into level 2 of the Abyss (a deep elf demonologist)
 49759 | Abyss:2  | Upgraded the game from 0.22-a0-351-g29664b4 to 0.22-a0-352-gc608dd7
 49825 | Elf:1    | Escaped the Abyss
 49836 | Elf:1    | Reached skill level 1 in Earth Magic
 49874 | Elf:1    | Reached XP level 19. HP: 146/146 MP: 22/22
 49908 | Elf:1    | Reached skill level 1 in Transmutations
 50384 | Elf:2    | Found a runed gate.
 50384 | Elf:2    | Found a runed gate.
 50385 | Elf:2    | Found a runed gate.
 50439 | Elf:2    | Learned a level 1 spell: Summon Small Mammal
 50449 | Elf:3    | Entered Level 3 of the Elven Halls
 50799 | Elf:3    | Cast into level 3 of the Abyss (a deep elf sorcerer)
 51147 | Abyss:4  | Found a corrupted altar of Lugonu.
 51287 | Abyss:4  | Found a corrupted altar of Lugonu.
 51372 | Elf:3    | Escaped the Abyss
 51901 | Elf:2    | Reached skill level 5 in Earth Magic
 52749 | Elf:3    | Noticed a Brimstone Fiend
 52750 | Elf:3    | Noticed a Hell Sentinel
 52814 | Elf:3    | Reached skill level 5 in Spellcasting
 53096 | Elf:3    | Got a crude tin ring
 53208 | Elf:3    | Cast into level 2 of the Abyss (a deep elf demonologist)
 53230 | Abyss:2  | Found an opulent altar of Gozag.
 53459 | Abyss:2  | Found an iron altar of Okawaru.
 53494 | Abyss:2  | Reached skill level 5 in Transmutations
 53858 | Abyss:2  | Gained mutation: Potions are less effective at restoring your health. [a neqoxec]
 54096 | Abyss:2  | Noticed a bone dragon
 54200 | Abyss:2  | Gained mutation: Scrolls take you a little longer to read. [a neqoxec]
 54319 | Elf:3    | Escaped the Abyss
 54372 | Elf:3    | Cast into level 2 of the Abyss (a deep elf demonologist)
 54383 | Elf:3    | Escaped the Abyss
 54386 | Elf:3    | Reached XP level 20. HP: 153/153 MP: 28/28
 54574 | Elf:3    | Cast into level 2 of the Abyss (a deep elf sorcerer)
 54684 | Elf:3    | Escaped the Abyss
 54734 | Elf:3    | Identified the ring "Sytodd" {Wiz rF++ MR+} (You took it off a deep elf blademaster on level 3 of the Elven Halls)
 54857 | Elf:3    | Got a twisted hand crossbow
 54858 | Elf:3    | Identified the cursed +1 hand crossbow "Heseoc" {flame, rPois rN++ MP+9 Str-5} (You found it on level 3 of the Elven Halls)
 55366 | Elf:3    | Got a shimmering marble ring
 55368 | Elf:3    | Identified the ring "Haroc" {Fire rPois} (You took it off a deep elf death mage on level 3 of the Elven Halls)
 55494 | Elf:1    | Bought an uncursed ring of wizardry for 570 gold pieces
 55494 | Elf:1    | Bought an uncursed ring of see invisible for 285 gold pieces
 55624 | Orc:2    | Bought a ration for 55 gold pieces
 55624 | Orc:2    | Bought a ration for 55 gold pieces
 55624 | Orc:2    | Bought a ration for 55 gold pieces
 55624 | Orc:2    | Bought a ration for 55 gold pieces
 55624 | Orc:2    | Bought a ration for 55 gold pieces
 56203 | D:12     | Lost mutation: Scrolls take you a little longer to read. [potion of mutation]
 56203 | D:12     | Lost mutation: Potions are less effective at restoring your health. [potion of mutation]
 56203 | D:12     | Gained mutation: One of your tentacles bears a spike. [potion of mutation]
 56203 | D:12     | Gained mutation: You expend magic power (3 MP) to strengthen your wands. [potion of mutation]
 56584 | Elf:1    | Bought an uncursed ring of wizardry for 570 gold pieces
 56804 | Vaults:1 | Entered Level 1 of the Vaults
 56919 | Vaults:1 | Noticed zhorgal's ghost (adept TrHu)
 57141 | Vaults:1 | Killed zhorgal's ghost
 57521 | Vaults:1 | Reached skill level 10 in Earth Magic
 59060 | Vaults:2 | Found the ring of Robustness {AC+8}
 59073 | Vaults:2 | Reached XP level 21. HP: 160/160 MP: 27/32
 59975 | Vaults:2 | Learned a level 3 spell: Regeneration
 59977 | Vaults:2 | Learned a level 1 spell: Apportation
 59980 | Vaults:2 | Learned a level 2 spell: Swiftness
 59984 | Vaults:2 | Learned a level 3 spell: Mephitic Cloud
 60433 | Vaults:3 | Noticed Frederick
 60575 | Vaults:3 | Killed Frederick
 60770 | Vaults:3 | Reached skill level 19 in Fighting
 60795 | Vaults:3 | Bought a scroll of teleportation for 42 gold pieces
 61168 | Vaults:3 | Found a staircase to the Crypt.
 61494 | Vaults:3 | Reached skill level 10 in Transmutations
 61959 | Vaults:4 | Reached XP level 22. HP: 115/169 MP: 34/34
 62267 | Vaults:4 | Reached skill level 15 in Shields
 62800 | Vaults:4 | Reached skill level 20 in Fighting
 63459 | Crypt:1  | Entered Level 1 of the Crypt
 64849 | Crypt:2  | Reached XP level 23. HP: 178/178 MP: 29/35
 65274 | Crypt:3  | Entered Level 3 of the Crypt
 65430 | Crypt:3  | Identified Zezushre's Spellweaving, Part Five
 65477 | Crypt:3  | Learned a level 1 spell: Animate Skeleton
 65877 | Crypt:3  | Noticed Khufu
 65884 | Crypt:3  | Noticed a greater mummy
 65884 | Crypt:3  | Noticed a greater mummy
 66281 | Crypt:3  | Got a crude ruby amulet
 66336 | Crypt:3  | Got a translucent amber ring
 66338 | Crypt:3  | Identified the amulet "Ebeqim" {rPois Regen+ Str+4 Int+2} (You found it on level 3 of the Crypt)
 66340 | Crypt:3  | Identified the ring of Deamme {rN+ MR+ Str+4 Int+9} (You found it on level 3 of the Crypt)
 66394 | Crypt:3  | Found a staircase to the Tomb.
 66428 | Crypt:3  | Got a dazzling trident
 66435 | Crypt:3  | Identified the +9 trident "Wayxzy" {venom, Str+5} (You found it on level 3 of the Crypt)
 67002 | Crypt:3  | Found an ancient bone altar of Kikubaaqudgha.
 67042 | Crypt:3  | Found the cursed +13 scythe of Curses {drain, *Curse}
 67066 | Crypt:3  | Noticed an ancient lich
 67076 | Crypt:3  | Killed an ancient lich
 67210 | Crypt:3  | Killed a greater mummy
 67218 | Crypt:3  | Killed a greater mummy
 67242 | Crypt:3  | Killed Khufu
 67242 | Crypt:3  | Reached skill level 21 in Fighting
 67504 | Crypt:3  | Noticed an ancient lich
 67511 | Crypt:3  | Killed an ancient lich
 68284 | Slime:1  | Entered Level 1 of the Pits of Slime
 69128 | Slime:3  | Reached XP level 24. HP: 187/187 MP: 32/36
 69635 | Slime:4  | Gained mutation: You occasionally shout uncontrollably at your foes. [a shining eye]
 69666 | Slime:4  | Gained mutation: Your spells are a little easier to cast, but a little less powerful. [a shining eye]
 69694 | Slime:4  | Gained mutation: Scrolls take you a little longer to read. [a shining eye]
 70464 | Slime:5  | Entered Level 5 of the Pits of Slime
 70697 | Slime:5  | Lost mutation: Scrolls take you a little longer to read. [potion of mutation]
 70697 | Slime:5  | Lost mutation: You occasionally shout uncontrollably at your foes. [potion of mutation]
 70697 | Slime:5  | Lost mutation: Your spells are a little easier to cast, but a little less powerful. [potion of mutation]
 70697 | Slime:5  | Gained mutation: You are dopey. (Int -2) [potion of mutation]
 70697 | Slime:5  | Gained mutation: You are agile. (Dex +2) [potion of mutation]
 70697 | Slime:5  | Lost mutation: You are dopey. (Int -2) [potion of mutation]
 71193 | Slime:5  | Found a viscous altar of Jiyva.
 71194 | Slime:5  | Noticed the Royal Jelly
 71532 | Slime:5  | Killed the Royal Jelly
 71532 | Slime:5  | Reached skill level 22 in Fighting
 71757 | Slime:5  | Identified Citietz's Incunabulum of Shifting Enchantment
 71851 | Slime:5  | Got a shimmering mace
 71889 | Slime:5  | Got a pitted amethyst amulet
 71905 | Slime:5  | Identified the Grimoire of the Dislocated Entourage
 71923 | Slime:5  | Got a slimy rune of Zot
 71968 | Slime:5  | Got an ancient broad axe
 71975 | Slime:5  | Identified the +3 mace of Painful Death {crush, rPois rC+ Int+3 Dex-2} (You found it on level 5 of the Pits of Slime)
 71976 | Slime:5  | Identified the +7 broad axe of Siklit {drain, *Contam rC- MR+ Int+10} (You found it on level 5 of the Pits of Slime)
 72034 | Slime:5  | Bought a scroll of summoning for 142 gold pieces
 72034 | Slime:5  | Bought a ration for 75 gold pieces
 72269 | Slime:5  | Identified the amulet "Yrecw" {Spirit +Blink Str-3 Slay+5} (You found it on level 5 of the Pits of Slime)
 72734 | D:13     | Learned a level 3 spell: Vampiric Draining
 72738 | D:13     | Learned a level 3 spell: Teleport Other
 72795 | Depths:1 | Entered Level 1 of the Depths
 73021 | Depths:1 | Found a gateway to Hell.
 73176 | Depths:1 | Noticed Nikola
 73190 | Depths:1 | Killed Nikola
 73196 | Depths:1 | Noticed Aizul
 73211 | Depths:1 | Killed Aizul
 73869 | Depths:3 | Reached XP level 25. HP: 195/195 MP: 36/36
 75135 | Depths:2 | Found a runed door.
 75335 | Depths:2 | Noticed an ancient lich
 75350 | Depths:2 | Killed an ancient lich
 75597 | Depths:2 | Found a one-way gate to the infinite horrors of the Abyss.
 75615 | Depths:2 | Found the +8 Wrath of Trog {antimagic, *Rage}
 75694 | Depths:2 | Got a scintillating iron ring
 75700 | Depths:2 | Identified the ring of Zaaw {Int+2 Dex+5} (You found it on level 2 of the Depths)
 76019 | Depths:2 | Reached skill level 23 in Fighting
 76425 | Depths:3 | Reached XP level 26. HP: 205/205 MP: 36/36
 76860 | Depths:3 | Noticed Margery
 76873 | Depths:3 | Killed Margery
 77076 | Depths:3 | Got a coiled tin ring
 77213 | Depths:3 | Found a one-way gate leading to the halls of Pandemonium.
 77603 | Depths:4 | Identified the cursed ring "Eciahu" {rC- MR- Str+10 Int+4 Slay-5} (You took it off a fire giant on level 3 of the Depths)
 77754 | Depths:4 | Found a gateway to a ziggurat.
 78575 | Depths:5 | Entered Level 5 of the Depths
 78649 | Depths:5 | Reached skill level 24 in Fighting
 79041 | Depths:5 | Reached XP level 27. HP: 214/214 MP: 31/36
 79060 | Depths:5 | Identified Kiaj's Tome of Congealing Boosts
 79279 | Depths:5 | Found a corrupted altar of Lugonu.
 79388 | Depths:5 | Found a gate to the Realm of Zot.
 80010 | Vaults:5 | Entered Level 5 of the Vaults
 80040 | Vaults:5 | Got a pitted hand axe
 80070 | Vaults:5 | Noticed an ancient lich
 80078 | Vaults:5 | Killed an ancient lich
 80259 | Vaults:5 | Identified the Tome of Fire and Dark Secrets
 80282 | Vaults:5 | Got a steaming dagger
 80291 | Vaults:5 | Identified the +5 hand axe of Judgement {venom, MP+9 Dex+4 Stlth+} (You found it on level 5 of the Vaults)
 80292 | Vaults:5 | Identified the cursed +1 dagger of the Tent {flame, MR+} (You found it on level 5 of the Vaults)
 80330 | Vaults:5 | Noticed an ancient lich
 80340 | Vaults:5 | Killed an ancient lich
 80340 | Vaults:5 | Reached skill level 25 in Fighting
 80801 | Vaults:5 | Got a silver rune of Zot
 81038 | Vaults:5 | Got an ancient jade amulet
 81040 | Vaults:5 | Identified the amulet "Toahah" {Acrobat Str+3} (You found it on level 5 of the Vaults)
 81861 | Tomb:1   | Entered Level 1 of the Tomb of the Ancients
 82029 | Tomb:1   | Noticed a greater mummy
 82033 | Tomb:1   | Noticed an ancient lich
 82188 | Tomb:1   | Noticed a greater mummy
 82190 | Tomb:1   | Noticed a greater mummy
 82225 | Tomb:1   | Killed a greater mummy
 82481 | Tomb:1   | Reached skill level 26 in Fighting
 83769 | Depths:5 | Bought a scroll of fog for 24 gold pieces
 83769 | Depths:5 | Bought a scroll of teleportation for 36 gold pieces
 83769 | Depths:5 | Bought a scroll of teleportation for 36 gold pieces
 83769 | Depths:5 | Bought a scroll of silence for 90 gold pieces
 83769 | Depths:5 | Bought a scroll of teleportation for 36 gold pieces
 83771 | Depths:5 | Bought a potion of heal wounds for 235 gold pieces
 83771 | Depths:5 | Bought a potion of curing for 141 gold pieces
 83774 | Zot:1    | Entered Level 1 of the Realm of Zot
 84170 | Vaults:3 | Bought a scroll of magic mapping for 49 gold pieces
 84170 | Vaults:3 | Bought a scroll of magic mapping for 49 gold pieces
 84725 | Zot:2    | Noticed an orb of fire
 85554 | Zot:2    | Lost mutation: You are agile. (Dex +2) [an orb of fire]
 85558 | Zot:2    | Gained mutation: You occasionally shout uncontrollably at your foes. [an orb of fire]
 85563 | Zot:2    | Gained mutation: You sometimes yell uncontrollably at your foes. [an orb of fire]
 85572 | Zot:2    | Killed an orb of fire
 86865 | Zot:3    | Reached skill level 27 in Fighting
 87299 | Zot:5    | Entered Level 5 of the Realm of Zot
 88564 | Zot:5    | Noticed an ancient lich
 88569 | Zot:5    | Killed an ancient lich
 88682 | Zot:5    | Reached skill level 10 in Evocations
 88720 | Zot:5    | Noticed an ancient lich
 88731 | Zot:5    | Killed an ancient lich
 88824 | Zot:5    | Noticed an orb of fire
 88841 | Zot:5    | Gained mutation: You tend to lose your temper in combat. [an orb of fire]
 88843 | Zot:5    | Gained mutation: Your magical capacity is low. (-10% MP) [an orb of fire]
 88862 | Zot:5    | Killed an orb of fire
 88895 | Zot:5    | Noticed an orb of fire
 88906 | Zot:5    | Gained mutation: You can translocate small distances at will. [an orb of fire]
 88914 | Zot:5    | Killed an orb of fire
 89013 | Zot:5    | Noticed an ancient lich
 89023 | Zot:5    | Killed an ancient lich
 89170 | Zot:5    | Noticed an orb of fire
 89179 | Zot:5    | Killed an orb of fire
 89838 | Depths:2 | Got a twitching turquoise ring
 89934 | Depths:2 | Lost mutation: You sometimes yell uncontrollably at your foes. [potion of mutation]
 89934 | Depths:2 | Lost mutation: You occasionally shout uncontrollably at your foes. [potion of mutation]
 89934 | Depths:2 | Lost mutation: Your magical capacity is low. (-10% MP) [potion of mutation]
 89934 | Depths:2 | Gained mutation: One of your tentacles bears a nasty spike. [potion of mutation]
 89934 | Depths:2 | Gained mutation: Your body sometimes deteriorates upon taking damage. [potion of mutation]
 89934 | Depths:2 | Gained mutation: Your flesh is cold resistant. (rC+) [potion of mutation]
 89934 | Depths:2 | Gained mutation: You are resistant to hostile enchantments. (MR+) [potion of mutation]
 89936 | Depths:2 | Lost mutation: You are resistant to hostile enchantments. (MR+) [potion of mutation]
 89936 | Depths:2 | Lost mutation: One of your tentacles bears a nasty spike. [potion of mutation]
 89936 | Depths:2 | Gained mutation: You are clumsy. (Dex -2) [potion of mutation]
 89936 | Depths:2 | Gained mutation: Your flesh is heat resistant. (rF+) [potion of mutation]
 89937 | Depths:2 | Lost mutation: One of your tentacles bears a spike. [potion of mutation]
 89937 | Depths:2 | Lost mutation: You expend magic power (3 MP) to strengthen your wands. [potion of mutation]
 89937 | Depths:2 | Lost mutation: You can translocate small distances at will. [potion of mutation]
 89937 | Depths:2 | Gained mutation: You are partially covered in yellow scales. (AC +2) [potion of mutation]
 89939 | Depths:2 | Bought 3 scrolls of teleportation for 207 gold pieces
 89939 | Depths:2 | Bought a potion of mutation for 184 gold pieces
 89939 | Depths:2 | Lost mutation: Your body sometimes deteriorates upon taking damage. [potion of mutation]
 89939 | Depths:2 | Lost mutation: Your flesh is cold resistant. (rC+) [potion of mutation]
 89939 | Depths:2 | Lost mutation: You are clumsy. (Dex -2) [potion of mutation]
 89939 | Depths:2 | Lost mutation: Your flesh is heat resistant. (rF+) [potion of mutation]
 89939 | Depths:2 | Gained mutation: Your magical capacity is low. (-10% MP) [potion of mutation]
 89939 | Depths:2 | Gained mutation: You are clumsy. (Dex -2) [potion of mutation]
 89939 | Depths:2 | Gained mutation: You are partially covered in iridescent scales. (AC +2) [potion of mutation]
 90945 | Depths:4 | Identified the ring of Xedegab {rC+ Int+2 Dex+4 SInv} (You took it off a spriggan berserker on level 2 of the Depths)
 91029 | Zig:1    | Entered Level 1 of a ziggurat
 91050 | Zig:2    | Entered Level 2 of a ziggurat
 91079 | Zig:3    | Entered Level 3 of a ziggurat
 91113 | Zig:4    | Entered Level 4 of a ziggurat
 91176 | Zig:5    | Entered Level 5 of a ziggurat
 91243 | Zig:6    | Entered Level 6 of a ziggurat
 91313 | Zig:7    | Entered Level 7 of a ziggurat
 91413 | Zig:8    | Entered Level 8 of a ziggurat
 91520 | Zig:8    | Got a warped steel ring
 91762 | Zot:5    | Got the Orb of Zot
 91895 | Zot:3    | Noticed Faqi the pandemonium lord
 92146 | Depths:1 | Noticed Zeumesch the pandemonium lord
 92200 | Hell     | Entered the Vestibule of Hell
 92200 | Hell     | Noticed Geryon
 92318 | D:14     | Noticed Xasopaxt the pandemonium lord
 92318 | D:14     | Noticed an ancient lich
 92329 | D:14     | Killed an ancient lich
 92691 | D:2      | Noticed Jizet the pandemonium lord
 92752 | D:$      | Escaped with the Orb!

Vault maps used:
D:1:      dpeg_arrival_shelter, glass_columns_a
D:2:      overflow_temple_1_default
D:3:      grunt_ministairs_11, nicolae_qazlal_general_emergency, uniq_sigmund
D:4:      hex_medium, grunt_ministairs_2, st_stairs_3, minmay_misc_feat_cross
D:5:      temple_pool_b, first_ration, portal_sewer_entry_b, uniq_prince_ribbit1
D:6:      grunt_temple_overflow_cloverleaf, serial_shops, shop
D:9:      kennysheep_mini, dpeg_lair_monsters, grunt_pizzeria, kb_rosetta
D:10:     minmay_fountain_box, minmay_diamond_spiral, uniq_snorg
D:11:     minmay_the_grid_square_5x5_3x3
D:12:     erik_orc_3, enter_bailey_7, nicolae_benzene_ring
D:13:     david_vaults_4
D:14:     basic_altar, zin_angel
D:15:     grunt_enter_depths_snipers, minmay_misc_feat_plants,
          grunt_ministairs_2, xom_shifter_show
Temple:   eino_temple_rhombus
Lair:1:   infiniplex_staircase_pool_2, serial_bayou_shore_a, grunt_megastairs_5,
          uniq_gastronok
Lair:3:   hangedman_what_comes_after_a, spider_nest_entry_web_field,
          grunt_megastairs_1, infiniplex_staircase_pool
Lair:4:   elwin_shoals_entry_rooms, st_stairs_12, lemuel_fruit_tree
Lair:5:   slime_altar_1
Lair:6:   gammafunk_lair_ancient_temple, lab_entry_generic, minivault_11
Shoals:1: nicolae_shoals_undead_eyrie
Shoals:3: serial_shops, nicolae_shop_trees, uniq_polyphemus
Shoals:4: shoals_end_grunt_ice, shoals_ilsuiw_alternative, serial_shops,
          nicolae_shop_crystal
Spider:2: hangedman_spider_trapstep
Spider:4: spider_rune_water, hangedman_spider_tarantella_strand
Slime:2:  cheibrodos_slime_lost_civilization_4
Slime:4:  cheibrodos_slime_lost_civilization_7
Orc:1:    serial_shops, shop
Orc:2:    st_orc_congregation
Elf:1:    eino_elf_arrival_the_gate, basic_altar, serial_shops, shop,
          minivault_28
Elf:2:    columned_hall_lemuel, corexii_hall_statues_l
Elf:3:    grunt_elf_hall_branching
Vaults:1: grunt_vaults_focal, vaults_room_hallway, hangedman_vaults_stitches,
          v_misc_22, st_octagons_1, v_misc_28, nicolae_vaults_little_squares_2,
          vaults_mumra_hex, hangedman_vaults_corner_blocks,
          hangedman_vaults_snaps, ontoclasm_vaults_twist, v_misc_18,
          vaults_room_grunt_arrival_checkpoint, vaults_dpeg_ring, v_misc_8,
          nicolae_vaults_little_squares_6
Vaults:2: v_misc_2, vaults_room_stairs_pillars, nicolae_vaults_quartermaster,
          vaults_room_pool, ontoclasm_vaults_shuriken,
          nicolae_vaults_network_quinsquares, v_misc_15, v_misc_29, v_misc_1,
          v_misc_17, nicolae_vaults_little_squares_5, v_misc_15,
          nicolae_vaults_shelves_hall, vaults_room_corners, v_misc_10
Vaults:3: v_misc_2, vaults_dpeg_doors, v_alt_pattern_3, hangedman_vaults_stream,
          vaults_dpeg_encased_lava, ontoclasm_vaults_spin,
          ontoclasm_vaults_ring_small, nicolae_vaults_little_squares_2,
          nicolae_vaults_border_crossing, dummy_crypt_entry, uniq_frederick
Vaults:4: hangedman_vaults_pinch, vaults_mumra_hexcomb, grunt_vaults_swirl,
          v_misc_32, nicolae_vaults_little_squares_4, ontoclasm_vaults_pinch,
          vaults_room_grid, hangedman_vaults_stretched_pinwheel,
          ontoclasm_vaults_chip, nicolae_vaults_shelves_hall,
          dpeg_vaults_monster_box
Crypt:3:  quadcrypt_mu, uniq_khufu
Depths:1: grunt_hell_entry_dis_grunt, serial_sigils_hangedman_snap,
          kennysheep_generic_room_3, uniq_aizul, uniq_nikola
Depths:2: box_level_dp, abyss_entry, hell_entry
Depths:3: lemuel_castle_with_subvaults, abandoned_shop, rand_demon_pan_entry_9,
          grunt_metal_band, serial_bayou_lake_a
Depths:4: cell_vault, enter_ziggurat_b, hangedman_coc_ice_floe, abyss_entry,
          rand_demon_pan_entry_5, serial_sigils_hangedman_snap
Depths:5: grunt_zot_entry_gee_three, hell_entry, minmay_misc_feat_tower,
          abyss_entry_flame_altar
Zot:1:    grunt_ministairs_1
Zot:4:    lemuel_elevator
Zot:5:    grunt_ministairs_1
Abyss:2:  evilmike_abyss_exit_kraken, evilmike_abyss_exit_glass,
          evilmike_abyss_exit_8
Abyss:3:  evilmike_abyss_exit_3, nicolae_abyss_rune_left_handed,
          evilmike_abyss_exit_14, hangedman_abyss_stitches_cave,
          dshaligram_kb_abyss_rune_zappy_water_cross
Abyss:4:  evilmike_abyss_exit_6
Sewer:    kennysheep_pipe_town

Skill      XL: |  1  2  3  4  5  6  7  8  9 10 11 12 13 14 15 16 17 18 19 20 21 22 23 24 25 26 27 |
---------------+----------------------------------------------------------------------------------+-----
Stealth        | 1 2 3 4 6 7 8 9 11 12 13 14 | 14.0
Dodging        | 4 5 6 8 9 10 11 12 14 15 16 17 18 19 20 24 | 24.6
Fighting       | 4 5 6 7 8 9 11 12 13 15 16 17 18 19 20 21 22 23 24 27 | 27.0
Short Blades   | 3 5 6 8 |  8.2
Evocations     | 1 4 5 12 | 12.0
Shields        | 5 7 8 10 11 12 13 14 15 16 17 18 23 | 23.8
Maces & Flails | 1 8 11 13 14 | 14.0
Spellcasting   | 2 5 7 8 9 |  9.0
Earth Magic    | 1 7 10 11 12 13 | 13.7
Transmutations | 5 8 10 11 12 13 | 13.4

Action                   |  1- 3 |  4- 6 |  7- 9 | 10-12 | 13-15 | 16-18 | 19-21 | 22-24 | 25-27 || total
-------------------------+-------+-------+-------+-------+-------+-------+-------+-------+-------++-------
Melee: Rapier            |    70 |    31 |       |       |       |       |       |       |       ||   101
       Constrict         |    23 |    22 |    53 |    84 |   159 |   223 |   209 |   146 |   359 ||  1278
       Tentacles         |    12 |    18 |    65 |   168 |   313 |   461 |   446 |   613 |   977 ||  3073
       Dagger            |       |    56 |   274 |   398 |    27 |    17 |       |       |       ||   772
       Falchion          |       |       |       |    92 |       |       |       |       |       ||    92
       Demon whip        |       |       |       |   155 |  1139 |  1299 |  1236 |  1479 |  2522 ||  7830
       Kick              |       |       |       |       |       |       |   461 |   953 |  1401 ||  2815
       Broad axe         |       |       |       |       |       |       |       |    43 |       ||    43
 Fire: Blowgun           |       |       |    15 |     6 |       |       |       |       |       ||    21
Throw: Stone             |       |       |       |    14 |    41 |    43 |    21 |    15 |    13 ||   147
 Cast: Statue Form       |       |       |       |       |       |       |    20 |    57 |   163 ||   240
       Regeneration      |       |       |       |       |       |       |       |     1 |     5 ||     6
       Swiftness         |       |       |       |       |       |       |       |       |     3 ||     3
       Blink             |       |       |       |       |       |       |       |       |     1 ||     1
Invok: Potion Petition   |       |       |     1 |       |     2 |     2 |       |     3 |     1 ||     9
       Call Merchant     |       |       |       |     2 |     2 |       |     1 |     1 |     3 ||     9
       Bribe Branch      |       |       |       |       |       |       |       |       |     2 ||     2
Evoke: Wand              |       |       |     1 |    14 |    29 |    43 |    16 |     1 |    12 ||   116
       Fan of gales      |       |       |       |       |     1 |       |       |       |       ||     1
       Lamp of fire      |       |       |       |       |     2 |     2 |       |       |       ||     4
       Lightning rod     |       |       |       |       |       |     4 |       |     4 |       ||     8
       Phantom mirror    |       |       |       |       |       |     1 |       |     2 |       ||     3
       Sack of spiders   |       |       |       |       |       |       |       |     1 |       ||     1
       Phial of floods   |       |       |       |       |       |       |       |       |     1 ||     1
       Box of beasts     |       |       |       |       |       |       |       |       |     1 ||     1
  Use: Scroll            |       |     4 |     9 |    20 |    19 |    14 |    12 |    15 |    23 ||   116
       Potion            |       |       |     1 |     7 |    19 |     5 |    13 |     7 |     8 ||    60
 Stab: Sleeping          |     9 |     7 |    31 |    19 |    30 |    24 |    48 |    15 |    33 ||   216
       Distracted        |     1 |       |     3 |     7 |     8 |    17 |    20 |    14 |    55 ||   125
       Invisible         |       |       |     2 |       |       |       |       |       |       ||     2
       Paralysed         |       |       |       |     4 |       |       |       |       |       ||     4
  Eat: Chunk             |       |     4 |     2 |       |       |       |       |       |       ||     6
       Ration            |       |       |     6 |     8 |    17 |    14 |    15 |    19 |    38 ||   117
Armor: Skin              |     4 |     1 |     6 |     7 |    55 |    67 |    62 |   313 |   474 ||   989
Dodge: Dodged            |    31 |    29 |   101 |   231 |   393 |   458 |   285 |   799 |  1550 ||  3877
Block: Shield            |    32 |    28 |    86 |   208 |   615 |   974 |   696 |  1284 |  2004 ||  5927
       Reflection        |       |       |       |       |       |    45 |    55 |    20 |       ||   120
       Large shield      |       |       |       |       |       |       |       |       |   423 ||   423
       Rpst.: Falchion   |       |       |       |    12 |       |       |       |       |       ||    12

Table legend:
 A = Spawn XP
 B = Non-spawn XP
 C = Spawn XP percentage of total XP
 D = Spawn monster count
 E = Non-spawn monster count
 F = Spawn count percentage of total count
 G = Total turns spent on level
                    A         B        C        D         E        F      G
               +---------+---------+-------+---------+---------+-------+---------
         Total |    7233 | 1968944 |   0.4 |      26 |    2815 |   0.9 | 92752
               +---------+---------+-------+---------+---------+-------+---------
           D:1 |       0 |      28 |   0.0 |       0 |      18 |   0.0 |   555
           D:2 |       0 |      81 |   0.0 |       0 |      21 |   0.0 |   637
           D:3 |       0 |     389 |   0.0 |       0 |      27 |   0.0 |   822
           D:4 |       0 |     466 |   0.0 |       0 |      23 |   0.0 |  1329
           D:5 |       0 |    1022 |   0.0 |       0 |      28 |   0.0 |  1377
           D:6 |       0 |    1125 |   0.0 |       0 |      18 |   0.0 |  1104
           D:7 |       0 |    1075 |   0.0 |       0 |      16 |   0.0 |   917
           D:8 |       0 |     481 |   0.0 |       0 |       8 |   0.0 |   870
           D:9 |       0 |    7346 |   0.0 |       0 |      33 |   0.0 |  2622
          D:10 |       0 |    5283 |   0.0 |       0 |      47 |   0.0 |  2406
          D:11 |       0 |    9410 |   0.0 |       0 |      45 |   0.0 |  2401
          D:12 |       0 |    4285 |   0.0 |       0 |      62 |   0.0 |  2910
          D:13 |       0 |   11937 |   0.0 |       0 |      41 |   0.0 |  2244
          D:14 |       0 |    4799 |   0.0 |       0 |      21 |   0.0 |  1331
          D:15 |       0 |   10651 |   0.0 |       0 |      32 |   0.0 |  1478
        Lair:1 |       0 |    5440 |   0.0 |       0 |      16 |   0.0 |  1259
        Lair:2 |       0 |    3765 |   0.0 |       0 |      14 |   0.0 |  2017
        Lair:3 |       0 |   20689 |   0.0 |       0 |      90 |   0.0 |  2032
        Lair:4 |       0 |    3512 |   0.0 |       0 |      16 |   0.0 |  1567
        Lair:5 |       0 |    9554 |   0.0 |       0 |      32 |   0.0 |  2444
        Lair:6 |       0 |   15140 |   0.0 |       0 |      43 |   0.0 |  1050
      Shoals:1 |       0 |   13311 |   0.0 |       0 |      31 |   0.0 |  2141
      Shoals:2 |       0 |   11062 |   0.0 |       0 |      22 |   0.0 |   762
      Shoals:3 |       0 |   19284 |   0.0 |       0 |      32 |   0.0 |  1063
      Shoals:4 |       0 |   41852 |   0.0 |       0 |      61 |   0.0 |  1955
      Spider:1 |       0 |   11970 |   0.0 |       0 |      22 |   0.0 |  1185
      Spider:2 |       0 |   15938 |   0.0 |       0 |      41 |   0.0 |  1569
      Spider:3 |       0 |   10133 |   0.0 |       0 |      25 |   0.0 |   572
      Spider:4 |       0 |   38140 |   0.0 |       0 |      85 |   0.0 |  2458
       Slime:1 |       0 |    5057 |   0.0 |       0 |      10 |   0.0 |   558
       Slime:2 |       0 |   19995 |   0.0 |       0 |      34 |   0.0 |   478
       Slime:3 |       0 |   23826 |   0.0 |       0 |      25 |   0.0 |   349
       Slime:4 |       0 |   31192 |   0.0 |       0 |      49 |   0.0 |  1283
       Slime:5 |       0 |   38704 |   0.0 |       0 |      29 |   0.0 |  1455
         Orc:1 |       0 |    3253 |   0.0 |       0 |      48 |   0.0 |  1836
         Orc:2 |       0 |   15583 |   0.0 |       0 |     101 |   0.0 |  3608
         Elf:1 |       0 |   26797 |   0.0 |       0 |      46 |   0.0 |  2230
         Elf:2 |       0 |   31280 |   0.0 |       0 |      38 |   0.0 |  1416
         Elf:3 |     275 |   54784 |   0.5 |       1 |      51 |   1.9 |  1923
      Vaults:1 |       0 |   61500 |   0.0 |       0 |     106 |   0.0 |  2249
      Vaults:2 |       0 |   43917 |   0.0 |       0 |      85 |   0.0 |  1807
      Vaults:3 |       0 |   60065 |   0.0 |       0 |      83 |   0.0 |  1882
      Vaults:4 |       0 |   73331 |   0.0 |       0 |     102 |   0.0 |  1623
      Vaults:5 |       0 |  150170 |   0.0 |       0 |      96 |   0.0 |  1616
       Crypt:1 |       0 |   20670 |   0.0 |       0 |      33 |   0.0 |   840
       Crypt:2 |       0 |   39672 |   0.0 |       0 |      53 |   0.0 |  1147
       Crypt:3 |       0 |   87730 |   0.0 |       0 |      85 |   0.0 |  2826
        Tomb:1 |       0 |   61375 |   0.0 |       0 |      73 |   0.0 |  1333
      Depths:1 |       0 |   33495 |   0.0 |       0 |      34 |   0.0 |  1710
      Depths:2 |       0 |  115910 |   0.0 |       0 |     144 |   0.0 |  2643
      Depths:3 |       0 |   69969 |   0.0 |       0 |      86 |   0.0 |  1393
      Depths:4 |       0 |   76974 |   0.0 |       0 |      73 |   0.0 |  1404
      Depths:5 |       0 |   81081 |   0.0 |       0 |      64 |   0.0 |  1308
         Zot:1 |       0 |   67869 |   0.0 |       0 |      41 |   0.0 |   964
         Zot:2 |       0 |   44999 |   0.0 |       0 |      25 |   0.0 |  1031
         Zot:3 |       0 |   45617 |   0.0 |       0 |      31 |   0.0 |  1169
         Zot:4 |       0 |   41927 |   0.0 |       0 |      26 |   0.0 |   883
         Zot:5 |       0 |  220115 |   0.0 |       0 |      70 |   0.0 |  1614
       Abyss:2 |    4110 |    5877 |  41.2 |      16 |      16 |  50.0 |  1271
       Abyss:3 |       0 |     498 |   0.0 |       0 |       1 |   0.0 |    84
       Abyss:4 |    2848 |     836 |  77.3 |       9 |       3 |  75.0 |   517
         Zig:1 |       0 |     760 |   0.0 |       0 |       2 |   0.0 |    21
         Zig:2 |       0 |    2906 |   0.0 |       0 |       2 |   0.0 |    29
         Zig:3 |       0 |    5355 |   0.0 |       0 |       3 |   0.0 |    34
         Zig:4 |       0 |    5773 |   0.0 |       0 |       4 |   0.0 |    63
         Zig:5 |       0 |    4091 |   0.0 |       0 |       8 |   0.0 |    67
         Zig:6 |       0 |    3971 |   0.0 |       0 |      13 |   0.0 |    70
         Zig:7 |       0 |    4839 |   0.0 |       0 |      15 |   0.0 |   100
         Zig:8 |       0 |    8786 |   0.0 |       0 |      13 |   0.0 |   126
         Sewer |       0 |     227 |   0.0 |       0 |      24 |   0.0 |   641
               +---------+---------+-------+---------+---------+-------+---------
